3L
BUCKHEAD BOWTIES @ MONTANA PANDAS
09/20/2038
 
TOP OF THE 1ST
Buckhead Bowties batting - Pitching for Montana Pandas : RHP Jaime van de Weideven
Pitching: RHP Jaime van de Weideven
Batting: SHB Arend van der Veen 0-0: Foul Ball, location: 2F
0-1: Ball
1-1: Swinging Strike
1-2: Fly out, F3 (Line Drive, 3, EV 64.4 MPH)
Batting: LHB Jesús Encarnación 0-0: Called Strike
0-1: Ball
1-1: Foul Ball, location: 2F
1-2: Ball
2-2: Ball
3-2: Ground out 6-3 (Groundball, 6, EV 86.9 MPH)
Batting: LHB Marcus Shill 0-0: Ball
1-0: Ball
2-0: SINGLE (Line Drive, 8RS, EV 98.1 MPH)
Batting: RHB Emílio Agramónte 0-0: Ball
1-0: Ball
2-0: Fly out, F7 (Flyball, 7D, EV 99.4 MPH)
Top of the 1st over - 0 runs, 1 hit, 0 errors, 1 left on base; Buckhead 0 - Montana 0
BOTTOM OF THE 1ST
Montana Pandas batting - Pitching for Buckhead Bowties : LHP Dale Hamilton
Pitching: LHP Dale Hamilton
Batting: RHB Francisco Agámez 0-0: Swinging Strike
0-1: Ball
1-1: Called Strike
1-2: Ball
2-2: Ground out 4-3 (Groundball, 4S, EV 85.0 MPH)
Batting: RHB Alfredo Pizarro 0-0: Swinging Strike
0-1: Ball
1-1: DOUBLE (Flyball, 78XD, EV 93.8 MPH)
Batting: RHB Tsukasa Sekine 0-0: Foul Ball, location: 2F
0-1: Ball
1-1: Ball
2-1: Ball
3-1: Base on Balls
Batting: RHB Raúl Ruíz 0-0: Called Strike
0-1: Ball
1-1: Ball
2-1: Fly out, F8 (Flyball, 8LXD, EV 109.4 MPH)
Runner from 2nd tags up, SAFE at 3rd, no throw by CF
Batting: LHB Pedro Gutiérrez 0-0: Ball
1-0: Called Strike
1-1: SINGLE (Line Drive, 8LS, EV 95.6 MPH)
Alfredo Pizarro scores
Tsukasa Sekine to second
Batting: RHB Dewey Nauss 0-0: Fielders Choice at 2nd, U6 (Groundball, 6M, EV 78.8 MPH)
Bottom of the 1st over - 1 run, 2 hits, 0 errors, 2 left on base; Buckhead 0 - Montana 1
TOP OF THE 2ND
Buckhead Bowties batting - Pitching for Montana Pandas : RHP Jaime van de Weideven
Batting: LHB Shunso Kiyomizu 0-0: Ball
1-0: Foul Ball, location: 2F
1-1: Swinging Strike
1-2: Foul Ball, location: 2F
1-2: Ball
2-2: Foul Ball, location: 2F
2-2: SINGLE (Flyball, 9LS, EV 93.1 MPH)
Batting: LHB Badry Maksimenov 0-0: Fly out, F3 (Line Drive, 3, EV 66.2 MPH)
Batting: RHB César Guerra 0-0: Ball
1-0: Fielders Choice at 2nd, 1-6 (Groundball, 23, EV 85.0 MPH)
Batting: LHB Charles Godard 0-0: Called Strike
0-1: Ball
1-1: Ball
2-1: Ball
3-1: Base on Balls
César Guerra to second
Batting: RHB Matsudaira Sugahara 0-0: Swinging Strike
0-1: Swinging Strike
0-2: SINGLE (Groundball, 56D, EV 103.1 MPH)
César Guerra to third
Charles Godard to second
Runner from 3rd tries for Home, SAFE, throw by LF to home
Batting: SHB Arend van der Veen 0-0: Ball
1-0: Ball
2-0: Ball
3-0: Called Strike
3-1: Foul Ball, location: 2F
3-2: 3-RUN HOME RUN (Line Drive, 89XD, EV 98.8 MPH), Distance : 393 ft
Batting: LHB Jesús Encarnación 0-0: Ball
1-0: Ball
2-0: Ball
3-0: Called Strike
3-1: Swinging Strike
3-2: Ground out 6-3 (Groundball, 6D, EV 104.4 MPH)
Top of the 2nd over - 4 runs, 3 hits, 0 errors, 0 left on base; Buckhead 4 - Montana 1
BOTTOM OF THE 2ND
Montana Pandas batting - Pitching for Buckhead Bowties : LHP Dale Hamilton
Batting: LHB António González 0-0: Ball
1-0: Ball
2-0: Ball
3-0: Called Strike
3-1: Base on Balls
Batting: RHB Qi-chao Di 0-0: Fielders Choice at 2nd, 6-4 (Groundball, 6, EV 84.4 MPH)
Batting: SHB Melito Báez 0-0: Ball
1-0: Ball
2-0: Fly out, F9 (Flyball, 89XD, EV 80.0 MPH)
Batting: RHB Francisco Agámez 0-0: Foul Ball, location: 2F
0-1: Ground out 1-3 (Groundball, 34S, EV 68.1 MPH)
Bottom of the 2nd over - 0 runs, 0 hits, 0 errors, 1 left on base; Buckhead 4 - Montana 1
TOP OF THE 3RD
Buckhead Bowties batting - Pitching for Montana Pandas : RHP Jaime van de Weideven
Batting: LHB Marcus Shill 0-0: Ball
1-0: Foul Ball, location: 2F
1-1: Ball
2-1: Fly out, F9 (Flyball, 9, EV 78.1 MPH)
Batting: RHB Emílio Agramónte 0-0: Foul Ball, location: 2F
0-1: Ball
1-1: Called Strike
1-2: Ball
2-2: Ball
3-2: SINGLE (Flyball, 7LS, EV 88.8 MPH)
Batting: LHB Shunso Kiyomizu 0-0: Called Strike
0-1: Foul Ball, location: 2F
0-2: Ball
1-2: Strikes out looking
Batting: LHB Badry Maksimenov 0-0: Foul Ball, location: 2F
0-1: Foul Ball, location: 2F
0-2: Foul Ball, location: 2F
0-2: Strikes out swinging
Top of the 3rd over - 0 runs, 1 hit, 0 errors, 1 left on base; Buckhead 4 - Montana 1
BOTTOM OF THE 3RD
Montana Pandas batting - Pitching for Buckhead Bowties : LHP Dale Hamilton
Batting: RHB Alfredo Pizarro 0-0: Foul Ball, location: 2F
0-1: Called Strike
0-2: Ball
1-2: Ball
2-2: Foul Ball, location: 2F
2-2: Ground out 6-3 (Groundball, 6, EV 85.6 MPH)
Batting: RHB Tsukasa Sekine 0-0: Ball
1-0: Swinging Strike
1-1: Foul Ball, location: 2F
1-2: Ball
2-2: Foul Ball, location: 2F
2-2: Ball
3-2: Foul Ball, location: 2F
3-2: Ground out 4-3 (Groundball, 4, EV 105.0 MPH)
Batting: RHB Raúl Ruíz 0-0: Ball
1-0: Ball
2-0: Ball
3-0: Ground out 6-3 (Groundball, 6, EV 106.9 MPH)
Bottom of the 3rd over - 0 runs, 0 hits, 0 errors, 0 left on base; Buckhead 4 - Montana 1
TOP OF THE 4TH
Buckhead Bowties batting - Pitching for Montana Pandas : RHP Jaime van de Weideven
Batting: RHB César Guerra 0-0: Foul Ball, location: 2F
0-1: Ball
1-1: Ball
2-1: Ball
3-1: Foul Ball, location: 2F
3-2: Fly out, F5 (Line Drive, 5, EV 66.9 MPH)
Pitching: RHP Domingo Velasco
Batting: LHB Charles Godard 0-0: Swinging Strike
0-1: Ground out 6-3 (Groundball, 6, EV 87.5 MPH)
Batting: RHB Matsudaira Sugahara 0-0: Ball
1-0: Ball
2-0: Called Strike
2-1: Ball
3-1: Base on Balls
Batting: SHB Arend van der Veen 0-0: Ball
1-0: Ball
2-0: Ground out 4-3 (Groundball, 4S, EV 67.5 MPH)
Top of the 4th over - 0 runs, 0 hits, 0 errors, 1 left on base; Buckhead 4 - Montana 1
BOTTOM OF THE 4TH
Montana Pandas batting - Pitching for Buckhead Bowties : LHP Dale Hamilton
Batting: LHB Pedro Gutiérrez 0-0: Called Strike
0-1: Called Strike
0-2: Ball
1-2: Ball
2-2: Ball
3-2: Foul Ball, location: 2F
3-2: Foul Ball, location: 2F
3-2: Foul Ball, location: 2F
3-2: Ground out 4-3 (Groundball, 4, EV 90.6 MPH)
Batting: RHB Dewey Nauss 0-0: Called Strike
0-1: Swinging Strike
0-2: Foul Ball, location: 2F
0-2: Ball
1-2: Strikes out swinging
Batting: LHB António González 0-0: Swinging Strike
0-1: Foul Ball, location: 2F
0-2: Strikes out swinging
Bottom of the 4th over - 0 runs, 0 hits, 0 errors, 0 left on base; Buckhead 4 - Montana 1
TOP OF THE 5TH
Buckhead Bowties batting - Pitching for Montana Pandas : RHP Domingo Velasco
Batting: LHB Jesús Encarnación 0-0: SOLO HOME RUN (Flyball, 9LD, EV 106.9 MPH), Distance : 335 ft
Batting: LHB Marcus Shill 0-0: Ball
1-0: Called Strike
1-1: Ground out 6-3 (Groundball, 4M, EV 103.1 MPH)
Batting: RHB Emílio Agramónte 0-0: Ball
1-0: Fly out, F4 (Flyball, 4D, EV 93.1 MPH)
Batting: LHB Shunso Kiyomizu 0-0: Ball
1-0: Ball
2-0: SINGLE (Groundball, 4MD, EV 95.0 MPH)
Batting: LHB Badry Maksimenov 0-0: Ball
1-0: SINGLE (Groundball, 34D, EV 96.9 MPH)
Shunso Kiyomizu to second
Runner from 2nd tries for 3rd, SAFE, no throw by RF
Batting: RHB César Guerra 0-0: Called Strike
0-1: Called Strike
0-2: Fly out, F8 (Line Drive, 8RD, EV 98.8 MPH)
Top of the 5th over - 1 run, 3 hits, 0 errors, 2 left on base; Buckhead 5 - Montana 1
BOTTOM OF THE 5TH
Montana Pandas batting - Pitching for Buckhead Bowties : LHP Dale Hamilton
Batting: RHB Qi-chao Di 0-0: Called Strike
0-1: Foul Ball, location: 2F
0-2: Ball
1-2: Strikes out swinging
Batting: SHB Melito Báez 0-0: Ball
1-0: Ball
2-0: Foul Ball, location: 2F
2-1: Foul Ball, location: 2F
2-2: Fly out, F3 (Popup, 3SF, EV 67.5 MPH)
Batting: RHB Francisco Agámez 0-0: Ball
1-0: Foul Ball, location: 2F
1-1: Ground out 6-3 (Groundball, 6, EV 84.4 MPH)
Bottom of the 5th over - 0 runs, 0 hits, 0 errors, 0 left on base; Buckhead 5 - Montana 1
TOP OF THE 6TH
Buckhead Bowties batting - Pitching for Montana Pandas : RHP Domingo Velasco
Batting: LHB Charles Godard 0-0: Ball
1-0: Ground out 1-3 (Groundball, 15S, EV 66.2 MPH)
Batting: RHB Matsudaira Sugahara 0-0: Ground out 6-3 (Groundball, 6, EV 78.8 MPH)
Batting: SHB Arend van der Veen 0-0: Ball
1-0: Swinging Strike
1-1: Ball
2-1: SINGLE (Line Drive, 8LS, EV 90.6 MPH)
Batting: LHB Jesús Encarnación 0-0: Fly out, F8 (Flyball, 8LS, EV 84.4 MPH)
Top of the 6th over - 0 runs, 1 hit, 0 errors, 1 left on base; Buckhead 5 - Montana 1
BOTTOM OF THE 6TH
Montana Pandas batting - Pitching for Buckhead Bowties : LHP Dale Hamilton
Batting: RHB Alfredo Pizarro 0-0: Ground out 6-3 (Groundball, 6, EV 86.2 MPH)
Batting: RHB Tsukasa Sekine 0-0: Ball
1-0: Ball
2-0: Foul Ball, location: 2F
2-1: Fly out, F8 (Line Drive, 8LM, EV 90.0 MPH)
Batting: RHB Raúl Ruíz 0-0: Called Strike
0-1: Ball
1-1: Foul Ball, location: 2F
1-2: Foul Ball, location: 2F
1-2: Strikes out swinging
Bottom of the 6th over - 0 runs, 0 hits, 0 errors, 0 left on base; Buckhead 5 - Montana 1
TOP OF THE 7TH
Buckhead Bowties batting - Pitching for Montana Pandas : RHP Domingo Velasco
Batting: LHB Marcus Shill 0-0: Called Strike
0-1: Foul Ball, location: 2F
0-2: Strikes out swinging
Batting: RHB Emílio Agramónte 0-0: Called Strike
0-1: Swinging Strike
0-2: Ball
1-2: SINGLE (Popup, 4D, EV 67.5 MPH)
Batting: LHB Shunso Kiyomizu 0-0: Foul Ball, location: 2F
0-1: Ball
1-1: Ball
2-1: Ball
3-1: Foul Ball, location: 2F
3-2: Base on Balls
Emílio Agramónte to second
Pitching: RHP António Rodríguez
Batting: LHB Badry Maksimenov 0-0: Foul Ball, location: 2F
0-1: Foul Ball, location: 2F
0-2: Fly out, F8 (Line Drive, 8LM, EV 96.9 MPH)
Batting: RHB César Guerra 0-0: Ball
1-0: Ground out 3-1 (Groundball, 34, EV 87.5 MPH)
Top of the 7th over - 0 runs, 1 hit, 0 errors, 2 left on base; Buckhead 5 - Montana 1
BOTTOM OF THE 7TH
Montana Pandas batting - Pitching for Buckhead Bowties : LHP Dale Hamilton
Pitching: RHP Scott Colorado
Batting: LHB Pedro Gutiérrez 0-0: Ball
1-0: Called Strike
1-1: Foul Ball, location: 2F
1-2: SINGLE (Line Drive, 7LM, EV 110.6 MPH)
Batting: RHB Dewey Nauss 0-0: Foul Ball, location: 2F
0-1: Fielders Choice at 2nd, 1-4 (Groundball, 25, EV 85.6 MPH)
Batting: LHB António González 0-0: Called Strike
0-1: Ball
1-1: Called Strike
1-2: Ball
2-2: Fly out, F5 (Flyball, 56D, EV 93.1 MPH)
Batting: RHB Qi-chao Di 0-0: SINGLE (Groundball, 34D, EV 95.6 MPH)
Dewey Nauss to second
Runner from 2nd tries for 3rd, SAFE, throw by RF made to third
Batting: SHB Melito Báez 0-0: Called Strike
0-1: Foul Ball, location: 2F
0-2: Ball
1-2: Ball
2-2: Foul Ball, location: 2F
2-2: Ball
3-2: Ground out 6-3 (Groundball, 6, EV 97.5 MPH)
Bottom of the 7th over - 0 runs, 2 hits, 0 errors, 2 left on base; Buckhead 5 - Montana 1
TOP OF THE 8TH
Buckhead Bowties batting - Pitching for Montana Pandas : RHP António Rodríguez
Batting: LHB Charles Godard 0-0: Ball
1-0: SINGLE (Groundball, 4D, EV 98.1 MPH)
Batting: RHB Matsudaira Sugahara 0-0: Ball
Charles Godard is caught stealing 2nd base 2-4
1-0: Called Strike
1-1: Swinging Strike
1-2: Ball
2-2: Strikes out swinging
Batting: SHB Arend van der Veen 0-0: Ball
1-0: Called Strike
1-1: Ball
2-1: Swinging Strike
2-2: Foul Ball, location: 2F
2-2: Fly out, F9 (Line Drive, 9, EV 90.6 MPH)
Top of the 8th over - 0 runs, 1 hit, 0 errors, 0 left on base; Buckhead 5 - Montana 1
BOTTOM OF THE 8TH
Montana Pandas batting - Pitching for Buckhead Bowties : RHP Scott Colorado
Batting: RHB Francisco Agámez 0-0: Ground out 5-3 (Groundball, 56S, EV 68.8 MPH)
Batting: RHB Alfredo Pizarro 0-0: Swinging Strike
0-1: Ball
1-1: Ball
2-1: Swinging Strike
2-2: Fly out, F7 (Flyball, 7, EV 88.1 MPH)
Batting: RHB Tsukasa Sekine 0-0: Ball
1-0: SINGLE (Groundball, 34D, EV 96.9 MPH)
Batting: RHB Raúl Ruíz 0-0: TRIPLE (Flyball, 89XD, EV 104.4 MPH)
Tsukasa Sekine scores
Batting: LHB Pedro Gutiérrez 0-0: SINGLE (Line Drive, 8RS, EV 97.5 MPH)
Raúl Ruíz scores
Batting: RHB Dewey Nauss 0-0: Called Strike
0-1: Ball
1-1: Fly out, F8 (Line Drive, 8RD, EV 96.9 MPH)
Bottom of the 8th over - 2 runs, 3 hits, 0 errors, 1 left on base; Buckhead 5 - Montana 3
TOP OF THE 9TH
Buckhead Bowties batting - Pitching for Montana Pandas : RHP António Rodríguez
Pitching: RHP Francisco García
Batting: LHB Jesús Encarnación 0-0: Called Strike
0-1: Ball
1-1: Called Strike
1-2: Foul Ball, location: 2F
1-2: Ball
2-2: Foul Ball, location: 2F
2-2: Ball
3-2: Foul Ball, location: 2F
3-2: Base on Balls
Batting: LHB Marcus Shill 0-0: SINGLE (Flyball, 8LS, EV 91.2 MPH)
Jesús Encarnación to second
Runner from 2nd tries for 3rd, SAFE, throw by CF made to third
Batting: RHB Emílio Agramónte 0-0: 3-RUN HOME RUN (Flyball, 89XD, EV 103.1 MPH), Distance : 381 ft
Batting: LHB Shunso Kiyomizu 0-0: Ball
1-0: TRIPLE (Flyball, 89XD, EV 95.0 MPH)
Batting: LHB Badry Maksimenov 0-0: Foul Ball, location: 2F
0-1: DOUBLE (Line Drive, 89XD, EV 109.4 MPH)
Shunso Kiyomizu scores
Pitching: RHP Hiro Kurasawa
Batting: RHB César Guerra 0-0: Foul Ball, location: 2F
0-1: Ball
1-1: Ball
2-1: Reached on error, E5 (Groundball, 56S, EV 85.0 MPH)
Badry Maksimenov to third
Batting: LHB Charles Godard 0-0: Ball
1-0: Swinging Strike
1-1: Fly out, F4 (Line Drive, 4, EV 75.0 MPH)
Batting: RHB Matsudaira Sugahara 0-0: Swinging Strike
0-1: SINGLE (Flyball, 89M, EV 91.2 MPH)
Badry Maksimenov scores
César Guerra to second
Batting: SHB Arend van der Veen 0-0: Fly out, F3 (Line Drive, 3, EV 63.8 MPH)
Batting: LHB Jesús Encarnación 0-0: Ball
1-0: Foul Ball, location: 2F
1-1: Foul Ball, location: 2F
1-2: Strikes out swinging
Top of the 9th over - 5 runs, 5 hits, 1 error, 2 left on base; Buckhead 10 - Montana 3
BOTTOM OF THE 9TH
Montana Pandas batting - Pitching for Buckhead Bowties : RHP Scott Colorado
Batting: LHB António González 0-0: Swinging Strike
0-1: Ball
1-1: Ball
2-1: Ball
3-1: Base on Balls
Batting: RHB Qi-chao Di 0-0: SINGLE (Groundball, 56D, EV 96.9 MPH)
António González to second
Pitching: RHP Roderick Miller
Pinch Hitting: LHB Jérôme Masson 0-0: Foul Ball, location: 2F
0-1: SINGLE (Line Drive, 8LS, EV 96.9 MPH)
António González to third
Qi-chao Di to second
Batting: RHB Francisco Agámez 0-0: Called Strike
0-1: Ball
1-1: Foul Ball, location: 2F
1-2: Fielders Choice at 2nd, 5-4 (Groundball, 5, EV 90.0 MPH)
António González scores
Qi-chao Di to third
Batting: RHB Alfredo Pizarro 0-0: Called Strike
0-1: Ball
1-1: Ball
2-1: Ball
3-1: Foul Ball, location: 2F
3-2: Fielders Choice at 2nd, 5-4 (Groundball, 5L, EV 85.6 MPH)
Qi-chao Di scores
Batting: RHB Tsukasa Sekine 0-0: Foul Ball, location: 2F
0-1: Foul Ball, location: 2F
0-2: Ball
1-2: Ball
2-2: Ball
3-2: SINGLE (Groundball, 34D, EV 98.1 MPH)
Alfredo Pizarro to second
Alfredo Pizarro to third
Batting: RHB Raúl Ruíz 0-0: Ball
1-0: Called Strike
1-1: Fly out, F8 (Flyball, 8RXD, EV 107.5 MPH)
Bottom of the 9th over - 2 runs, 3 hits, 0 errors, 2 left on base; Buckhead 10 - Montana 5
Friday, April 17th, 2020 - OOTP Baseball 20.8 Build 74